 Dungeon Crawl Stone Soup version 0.24.0-13-gcf9b319 (webtiles) character file.

Game seed: 2260261798555916408, levelgen mode: deterministic

55 xraymikek the Caller (level 3, -2/32 HPs)
             Began as a Troll Summoner on Nov 9, 2019.
             Slain by a gnoll
             ... wielding a +0 flail
              (8 damage)
             ... on level 2 of the Dungeon.
             The game lasted 00:04:44 (563 turns).

xraymikek the Caller (Troll Summoner)                Turns: 563, Time: 00:04:44

Health: -2/32      AC: 12    Str: 16    XL:     3   Next: 67%
Magic:  3/3        EV:  7    Int: 12    God:
Gold:   10         SH:  0    Dex: 10    Spells: 3/4 levels left

rFire    + + .     SeeInvis .   d - +0 short sword
rCold    x . .     Gourm    +   (no shield)
rNeg     . . .     Faith    .   g - +0 fire dragon scales
rPois    .         Spirit   .   (helmet restricted)
rElec    .         Reflect  .   (no cloak)
rCorr    .         Harm     .   (gloves unavailable)
MR       .....                  (boots unavailable)
Stlth    ..........             (no amulet)
HPRegen  0.50/turn              (no ring)
MPRegen  0.08/turn              (no ring)

@: lethally poisoned (-2 -> -3)
A: large, unfitting armour, claws 3, fast metabolism 3, gourmand, regeneration
1, shaggy fur 1, tough skin 3
a: no special abilities


You were on level 2 of the Dungeon.
You were hungry.

You visited 1 branch of the dungeon, and saw 2 of its levels.

You collected 10 gold pieces.

Inventory:

Hand Weapons
 d - a +0 short sword (weapon)
 e - a +0 hunting sling
 h - a +1 spear of pain
 l - a +2 battleaxe of electrocution
Missiles
 b - 25 stones (quivered)
Armour
 a - a +0 robe
 g - +0 fire dragon scales (worn)
Scrolls
 f - a scroll of teleportation {unknown}
 i - a scroll of enchant weapon {unknown}
 j - a scroll of identify {unknown}
 k - a scroll of remove curse {unknown}
Comestibles
 c - 4 rations


   Skills:
 + Level 0.8 Fighting
 + Level 0.2 Short Blades
 + Level 0.3 Slings
 + Level 0.1 Armour
 + Level 1.9 Dodging
 + Level 1.0 Stealth
 + Level 1.3 Spellcasting
 + Level 3.5 Summonings


You had 3 spell levels left.
You knew the following spells:

 Your Spells              Type           Power        Failure   Level  Hunger
a - Summon Small Mammal   Summ           #...         34%         1    ##.....

Your spell library contained the following spells:

 Spells                   Type           Power        Failure   Level  Hunger
 Call Imp                 Summ           #.......     47%         2    ###....
 Call Canine Familiar     Summ           #.......     71%         3    ####...
 Summon Guardian Golem    Hex/Summ       #.......     91%         3    ####...
 Summon Ice Beast         Ice/Summ       #.......     100%        4    #####..
 Summon Lightning Spire   Summ/Air       #.......     100%        4    #####..


Dungeon Overview and Level Annotations

Branches:
Dungeon (2/15)

Altars:


Innate Abilities, Weirdness & Mutations

You are too large for most types of armour.
You have claws for hands.
Your metabolism is lightning-fast.
You like to eat raw meat.
Your natural rate of healing is unusually fast.
You are covered in fur. (AC +1)
You have extremely tough skin. (AC +3)


Message History

The gnoll is severely wounded.
The gnoll hits you. The gnoll hits you but does no damage.
You hit the gnoll but do no damage.
The gnoll is severely wounded.
The gnoll hits you but does no damage. The gnoll barely misses you.
You hit the gnoll.
You kill the gnoll!
You feel sick. The gnoll hits you but does no damage. The gnoll hits you.
The gnoll closely misses you. The gnoll hits you.
* * * LOW HITPOINT WARNING * * *
Your magical contamination has completely faded away.
You see here a +0 spear.
The gnoll hits you with a +0 flail.
* * * LOW HITPOINT WARNING * * *
The kobold closely misses you. The gnoll barely misses you.
The gnoll completely misses you.
You hit the kobold.
You kill the kobold!
The gnoll hits you but does no damage. The gnoll hits you with a +0 flail!
You die...

g... ..# #...
#.. #..##..
.....#####
#.......#
###...$...###(
#...>.........
...#.g)........
#..@.....###
#.g)g....#
###†##....## .#
#)# ##...###..
#.## #......
#..# ##...##..
##.####.....#...
#..##..........
##)##<........#


You could see 3 gnolls.

Vanquished Creatures
  An adder (D:2)
  2 gnolls
  A dart slug (D:1)
  An orc (D:2)
  3 goblins (D:1)
  A hobgoblin (D:1)
  3 bats
  A frilled lizard (D:1)
  3 kobolds
  2 rats (D:1)
18 creatures vanquished.

Vanquished Creatures (collateral kills)
  An adder (D:1)
  A goblin (D:1)
2 creatures vanquished.

Grand Total: 20 creatures vanquished

Notes
Turn   | Place    | Note
-------+----------+-------------------------------------------
     0 | D:1      | xraymikek the Troll Summoner began the quest for the Orb.
     0 | D:1      | Reached XP level 1. HP: 16/16 MP: 1/1
     9 | D:1      | Reached skill level 3 in Summonings
    65 | D:1      | Reached XP level 2. HP: 24/24 MP: 2/2
   479 | D:1      | Reached XP level 3. HP: 29/31 MP: 1/3
   563 | D:2      | Slain by a gnoll

Levels and vault maps discovered:
D:1:      roderic_chinese_lattice_arrival, layout_rooms
D:2:      layout_rooms, makhleb_heckhound_becter, uniq_sigmund

Skill      XL: |  1 |
---------------+----+-----
Summonings     | 3 |  3.5
Fighting       | |  0.8
Short Blades   | |  0.2
Slings         | |  0.3
Armour         | |  0.1
Dodging        | |  1.9
Stealth        | |  1.0
Spellcasting   | |  1.3

Action                   || total
-------------------------++-------
Melee: Short sword       ||    66
       Unarmed           ||     1
 Fire: Hunting sling     ||    10
 Cast: Summon Small Mamm ||     6
 Stab: Sleeping          ||     1
  Eat: Chunk             ||     2
Armor: Fire dragon scale ||    54
       Robe              ||     2
Dodge: Dodged            ||    33
